 Dungeon Crawl Stone Soup version 0.25-a0-496-g8c4878dea3 (webtiles) character file.

Game seed: 5594628366942525443, levelgen mode: deterministic

43003 BeastOfSaturn the Carver (level 13, -6/72 HPs)
             Began as a Demonspawn Venom Mage on Feb 10, 2020.
             Was the Champion of Hepliaklqana.
             Mangled by an eight-headed hydra (8 damage)
             ... on level 5 of the Lair of Beasts on Feb 12, 2020.
             The game lasted 02:03:59 (14879 turns).

BeastOfSaturn the Carver (Demonspawn Venom Mage)   Turns: 14879, Time: 02:04:01

Health: -6/72      AC: 23    Str: 13    XL:     13   Next: 88%
Magic:  0/25       EV: 12    Int: 19    God:    Hepliaklqana [******]
Gold:   894        SH:  0    Dex: 14    Spells: 12/28 levels left

rFire    . . .     SeeInvis +   a - +2 scimitar (flame)
rCold    . . .     Gourm    .   (no shield)
rNeg     . . .     Faith    .   N - +2 scale mail {rPois}
rPois    +         Spirit   +   u - +2 helmet
rElec    .         Reflect  .   (no cloak)
rCorr    .         Harm     .   D - +0 pair of gloves
MR       .....                  (boots unavailable)
Stlth    +.........             v - amulet of regeneration
HPRegen  0.62/turn              k - +4 ring of protection
MPRegen  0.38/turn              H - ring of see invisible

@: very slow
A: reduced essence, talons 3, iridescent scales 2, clever 1, mutation resistance
1, spiny 2, magic shield, magic regeneration, MP-powered wands
a: Recall Ancestor, Ancestor Identity, Transference, Idealise, Renounce Religion


You were on level 5 of the Lair of Beasts.
You worshipped Hepliaklqana.
Hepliaklqana was exalted by your worship.
You were very full.

You visited 3 branches of the dungeon, and saw 17 of its levels.

You collected 1182 gold pieces.
You spent 288 gold pieces at shops.

Inventory:

Hand Weapons
 a - a +2 scimitar of flaming (weapon)
 b - a +0 broad axe of electrocution
 t - the +12 war axe of the Bear {antimagic, rElec rF+ rC++}
   (You found it on level 1 of the Lair of Beasts)

   It reduces the magical energy of the wielder, and disrupts the spells and
   magical abilities of those hit.
   Natural abilities and divine invocations are not affected.
   It protects you from fire.
   It greatly protects you from cold.
   It insulates you from electricity.
Armour
 u - a +2 helmet (worn)
 D - a +0 pair of gloves (worn)
 J - +0 steam dragon scales
 N - a +2 scale mail of poison resistance (worn)
 U - a +2 chain mail of fire resistance
Jewellery
 f - an uncursed ring of flight
 k - a +4 ring of protection (left hand)
 v - an amulet of regeneration (around neck)
 H - a ring of see invisible (right hand)
 R - a +4 ring of protection
Wands
 y - a wand of paralysis (22)
 B - a wand of polymorph (11)
 C - a wand of iceblast (6)
 E - a wand of random effects (20)
 O - a wand of clouds (3)
 S - a wand of acid (9)
Scrolls
 g - a scroll of silence {unknown}
 j - 5 scrolls of amnesia
 l - 11 scrolls of remove curse
 m - 2 scrolls of torment {unknown}
 n - 6 scrolls of magic mapping
 p - a scroll of identify
 q - 8 scrolls of teleportation
 w - 4 scrolls of summoning
 F - 2 scrolls of enchant armour {unknown}
 K - a scroll of acquirement {unknown}
 T - a scroll of blinking
 V - 2 scrolls of fear
 W - a scroll of immolation {unknown}
 Y - 2 scrolls of enchant weapon
Potions
 c - 5 potions of magic
 d - 8 potions of curing
 e - 3 potions of flight
 h - 3 potions of heal wounds
 i - 5 potions of haste
 o - 5 potions of brilliance
 r - a potion of agility
 x - a potion of cancellation
 z - 4 potions of lignification
 A - a potion of resistance
 L - 2 potions of ambrosia
 P - a potion of invisibility
Miscellaneous
 Q - 2 boxes of beasts
Comestibles
 s - 23 rations


   Skills:
 - Level 1.0 Fighting
   Level 3.1(9.5) Short Blades
 * Level 13.5(13.7) Long Blades
 * Level 10.7 Armour
 + Level 6.1 Dodging
 - Level 1.7 Stealth
 - Level 8.0 Spellcasting
 + Level 4.2 Conjurations
 - Level 0.8 Transmutations
 + Level 3.6 Air Magic
 - Level 9.1 Poison Magic


You had 12 spell levels left.
You knew the following spells:

 Your Spells              Type           Power        Failure   Level  Hunger
a - Sting                 Tmut/Pois      ####         4%          1    None
b - Poisonous Vapours     Pois/Air       ####..       3%          2    None
c - Mephitic Cloud        Conj/Pois/Air  ####....     9%          3    None
d - Olgreb's Toxic Radia  Pois           #####...     8%          4    ###....
e - Static Discharge      Conj/Air       ###.....     19%         3    None
f - Swiftness             Chrm/Air       ##......     22%         2    None
g - Shock                 Conj/Air       ###.         6%          1    None

Your spell library contained the following spells:

 Spells                   Type           Power        Failure   Level  Hunger
 Ignite Poison            Fire/Tmut/Pois ###.....     24%         3    None
 Freeze                   Ice            #...         30%         1    None
 Conjure Flame            Conj/Fire      ###.....     36%         3    None
 Airstrike                Air            ###.......   56%         4    ###....
 Frozen Ramparts          Ice            #.....       67%         3    None
 Ozocubu's Armour         Chrm/Ice       #.......     67%         3    None
 Fulminant Prism          Conj/Hex       ###.......   78%         4    ###....
 Hailstorm                Conj/Ice       ###.....     78%         4    ###....
 Lightning Bolt           Conj/Air       ###.......   86%         5    #####..
 Summon Ice Beast         Ice/Summ       #.......     97%         4    ###....
 Conjure Ball Lightning   Conj/Air       ###.......   100%        6    ######.
 Freezing Cloud           Conj/Ice/Air   ###.......   100%        6    ######.
 Ring of Flames           Chrm/Fire      #.........   100%        7    #######
 Spellforged Servitor     Conj/Summ      ###.......   100%        7    #######


Dungeon Overview and Level Annotations

Branches:
Dungeon (10/15)            Temple (1/1) D:6            Lair (6/6) D:9
  Swamp (0/4) Lair:2       Spider (0/4) Lair:2
  Slime: Lair:5-6       Orc: D:9-12

Altars:
Ashenzari
Cheibriados
Dithmenos
Elyvilon
Fedhas
Gozag
Hepliaklqana
Kikubaaqudgha
Makhleb
Nemelex Xobeh
Okawaru
Qazlal
Ru
Sif Muna
Trog
Uskayaw
Vehumet
Wu Jian
Xom
Yredelemnul
Zin
The Shining One

Shops:
D:6 }!=?   D:8 (   D:9 =

Annotations:
D:2 Sigmund
Lair:2 exclusion: 3 oklob plants
Lair:5 exclusion: 4 oklob plants


Innate Abilities, Weirdness & Mutations

You have claws for feet.
You are mostly covered in iridescent scales. (AC +4)
You are mostly covered in sharp spines.
When hurt, damage is shared between your health and your magic reserves.
You regenerate magic rapidly.
Your life essence is reduced to manifest your ancestor. (-10% HP)
Your mind is acute. (Int +2)
You are somewhat resistant to further mutation.
You expend magic power (3 MP) to strengthen your wands.


Message History

The eight-headed hydra completely misses you.
The eight-headed hydra bites you. The eight-headed hydra bites you!
* * * LOW HITPOINT WARNING * * *
The eight-headed hydra bites you but does no damage. x2
There is a stone staircase leading down, spattered with blood here.
You enter the shallow water.
Moving in this stuff is going to be slow.
The eight-headed hydra is struck by your spines.
The eight-headed hydra bites you but does no damage.
The eight-headed hydra bites you.
* * * LOW HITPOINT WARNING * * *
The eight-headed hydra bites you but does no damage. x6
The eight-headed hydra bites you.
* * * LOW HITPOINT WARNING * * *
The eight-headed hydra bites you but does no damage.
The eight-headed hydra barely misses you.
The eight-headed hydra bites you!
* * * LOW HITPOINT WARNING * * *
The eight-headed hydra bites you!
You die...

............≈.≈≈............P....
.#.......F≈≈≈≈≈≈≈≈#.[....#..PP...
#....##...≈≈≈≈≈≈≈≈....P.....P.##P
##..####≈≈≈≈≈≈≈≈≈≈.........#...#.
##....#≈≈≈≈°..≈≈≈≈....[..........
#.......≈≈°≈.>.≈≈≈≈#............#
.....##P≈≈≈≈≈.≈≈≈≈≈≈#.P###..#.###
..#.##P≈.≈≈≈≈≈≈D≈≈≈#...# ###.## .
.#.#.##..†≈≈≈≈≈≈@≈.≈#..##..####.#
###..##..≈≈≈≈≈≈≈≈.##.............
###..#.....≈≈.≈..≈...............
.................................
.................................
.................................
..............#..................
#.#.#.[.......#...P......###.##..
#...#.............#......##..###.


You could see an eight-headed hydra and a blink frog (confused).

Vanquished Creatures
  Snorg (Lair:5)
  5 hydras
  Erolcha (D:9)
  Erica (D:9)
  An unseen horror (D:10)
  Pikel (D:9)
  2 elephants (Lair:4)
  Joseph (D:8)
  4 black mambas
  Psyche (D:9)
  A gargoyle (D:8)
  12 spiny frogs
  A rime drake (Lair:4)
  A centaur skeleton (D:10)
  3 trolls (D:10)
  14 blink frogs
  3 hippogriffs
  2 dream sheep (D:8)
  A redback (Lair:2)
  A wyvern (Lair:5)
  2 vampires
  A wraith (D:10)
  18 yaks
  Eustachio (D:4)
  2 basilisks
  A steam dragon (D:10)
  A soldier ant (D:10)
  5 water moccasins
  13 porcupines
  A sky beast (D:9)
  4 slaves (D:9)
  3 ice beasts
  An orc warrior (D:9)
  5 ogres
  4 phantoms
  A necrophage (D:7)
  A boggart (D:10)
  27 wolves
  3 centaurs
  8 crocodiles
  4 big kobolds
  15 bullfrogs
  A wyvern zombie (D:9)
  2 scorpions
  9 killer bees
  8 wights
  2 howler monkeys (D:6)
  4 crimson imps
  A centaur zombie (D:8)
  A quasit (D:6)
  3 orc priests
  A gnoll shaman (D:4)
  2 hounds
  3 jellies
  An orc wizard (D:8)
  A bullfrog skeleton (D:4)
  Jessica (D:2)
  2 iguanas
  9 hell rats
  4 worker ants
  2 hound zombies
  2 gnolls
  12 river rats (Lair:3)
  8 adders
  5 shadow imps
  4 oozes
  3 adder skeletons
  An adder zombie (D:6)
  2 worms
  A dart slug (D:3)
  4 leopard geckos
  19 orcs
  8 bats
  5 giant cockroaches
  16 goblins
  3 hobgoblins
  5 jackals
  5 kobolds
  12 quokkas
  8 frilled lizards
  A giant cockroach zombie (D:5)
  2 leopard gecko skeletons (D:5)
  A quokka skeleton (D:5)
  21 rats
383 creatures vanquished.

Vanquished Creatures (collateral kills)
  Gastronok (D:9)
  A hydra (Lair:1)
  A catoblepas (Lair:5)
  A death yak (Lair:5)
  2 two-headed ogres
  A black mamba (Lair:1)
  2 elephants (Lair:4)
  7 spiny frogs
  2 komodo dragons
  A troll (D:7)
  5 blink frogs
  7 yaks
  A basilisk (D:9)
  A water moccasin (Lair:4)
  2 ogres
  8 wolves
  A necrophage (D:10)
  5 crocodiles
  2 bullfrogs
  A gnoll sergeant (D:10)
  A scorpion (D:7)
  A killer bee (D:8)
  A howler monkey (D:10)
  A worker ant (D:10)
  A hell rat (Lair:6)
  A howler monkey zombie (D:6)
  2 river rats (Lair:3)
  3 adders
  A shadow imp (D:10)
  A leopard gecko (D:8)
  2 orcs
  4 fungi
  A plant (Lair:2)
72 creatures vanquished.

Vanquished Creatures (others)
  A killer bee (D:5)
  4 battlemagi
  6 ancestors
  2 adders
  A ball python (D:3)
  5 fungi
  13 plants
32 creatures vanquished.

Grand Total: 487 creatures vanquished

Notes
Turn   | Place    | Note
-------+----------+-------------------------------------------
     0 | D:1      | BeastOfSaturn the Demonspawn Venom Mage began the quest for
                  | the Orb.
     0 | D:1      | Reached XP level 1. HP: 13/13 MP: 3/3
    57 | D:1      | Gained mutation: When hurt, damage is shared between your
                  | health and your magic reserves. [demonic ancestry]
    57 | D:1      | Reached XP level 2. HP: 13/19 MP: 5/5
   370 | D:1      | Gained mutation: You are partially covered in sharp spines.
                  | [demonic ancestry]
   370 | D:1      | Reached XP level 3. HP: 18/24 MP: 3/6
   385 | D:1      | Learned a level 2 spell: Poisonous Vapours
   389 | D:1      | Learned a level 3 spell: Mephitic Cloud
   897 | D:2      | Noticed Jessica
   900 | D:2      | Killed Jessica
   900 | D:2      | Reached skill level 1 in Armour
   900 | D:2      | Gained mutation: You are partially covered in iridescent
                  | scales. (AC +2) [demonic ancestry]
   900 | D:2      | Reached XP level 4. HP: 30/30 MP: 2/7
   916 | D:2      | Reached skill level 1 in Short Blades
  1044 | D:2      | Noticed Sigmund
  1107 | D:2      | Found a glowing silver altar of Zin.
  1251 | D:2      | Found an ancient bone altar of Kikubaaqudgha.
  1845 | D:3      | Gained mutation: You are mostly covered in iridescent
                  | scales. (AC +4) [demonic ancestry]
  1845 | D:3      | Reached XP level 5. HP: 20/36 MP: 2/8
  2248 | D:3      | Found a stormy altar of Qazlal.
  2548 | D:3      | Reached skill level 1 in Fighting
  2709 | D:4      | Gained mutation: You regenerate magic rapidly. [demonic
                  | ancestry]
  2709 | D:4      | Reached XP level 6. HP: 35/43 MP: 0/10
  2760 | D:4      | Learned a level 4 spell: Olgreb's Toxic Radiance
  2807 | D:4      | Noticed Eustachio
  2886 | D:4      | Reached skill level 5 in Poison Magic
  3003 | D:4      | Found a white marble altar of Elyvilon.
  3043 | D:4      | Upgraded the game from 0.25-a0-482-g9b3b753f3f to
                  | 0.25-a0-489-g9ae84a01e3
  3068 | D:4      | Killed Eustachio
  3244 | D:4      | Reached XP level 7. HP: 46/48 MP: 9/12
  3429 | D:5      | Entered Level 5 of the Dungeon
  3470 | D:5      | Found a shimmering blue altar of Sif Muna.
  3470 | D:5      | Found a shimmering altar of Xom.
  3557 | D:5      | Found a sacrificial altar of Ru.
  3744 | D:5      | Found a blossoming altar of Fedhas.
  3805 | D:5      | Gained mutation: You have sharp toenails. [demonic
                  | ancestry]
  3805 | D:5      | Reached XP level 8. HP: 6/54 MP: 1/13
  4860 | D:6      | Found Gewkos's Gadget Emporium.
  4860 | D:6      | Found Yzemuys's Distillery.
  4882 | D:6      | Reached skill level 1 in Long Blades
  4897 | D:6      | Bought a potion of curing for 36 gold pieces
  4897 | D:6      | Bought a potion of heal wounds for 60 gold pieces
  4897 | D:6      | Bought a potion of haste for 120 gold pieces
  4901 | D:6      | Found a hazy altar of Hepliaklqana.
  4932 | D:6      | Became a worshipper of Hepliaklqana the Forgotten
  4997 | D:6      | Identified the Incunabulum of Damage Dealing
  5027 | D:6      | Reached skill level 2 in Long Blades
  5077 | D:6      | Noticed a hippogriff
  5090 | D:6      | Killed a hippogriff
  5090 | D:6      | Reached skill level 3 in Long Blades
  5213 | D:6      | Found an opulent altar of Gozag.
  5275 | D:6      | Reached skill level 5 in Armour
  5355 | D:6      | Reached skill level 4 in Long Blades
  5357 | D:6      | Found a staircase to the Ecumenical Temple.
  5366 | Temple   | Entered the Ecumenical Temple
  5450 | D:6      | Found Atepn's Jewellery Boutique.
  5495 | D:6      | Found Nuurisa's Magic Scroll Emporium.
  5498 | D:6      | Bought a scroll of identify for 24 gold pieces
  5498 | D:6      | Bought a scroll of identify for 24 gold pieces
  5498 | D:6      | Bought a scroll of identify for 24 gold pieces
  5799 | D:7      | Reached XP level 9. HP: 53/53 MP: 15/15
  5951 | D:7      | Reached * piety under Hepliaklqana
  6151 | D:7      | Noticed a troll
  6162 | D:7      | Killed a troll
  6326 | D:7      | Reached skill level 5 in Long Blades
  6354 | D:8      | Noticed a gargoyle
  6456 | D:8      | Killed a gargoyle
  6540 | D:8      | Reached skill level 6 in Long Blades
  6612 | D:8      | Reached skill level 5 in Spellcasting
  6614 | D:8      | Reached skill level 7 in Long Blades
  6616 | D:8      | Gained mutation: You are mostly covered in sharp spines.
                  | [demonic ancestry]
  6616 | D:8      | Reached XP level 10. HP: 44/58 MP: 5/17
  6651 | D:8      | Noticed a three-headed hydra
  6661 | D:8      | Killed a two-headed hydra
  6661 | D:8      | Reached skill level 1 in Conjurations
  6769 | D:8      | Noticed a centaur warrior
  6769 | D:8      | Noticed a purple ugly thing
  6785 | D:8      | Noticed a two-headed ogre
  6819 | D:8      | Found a sparkling altar of Nemelex Xobeh.
  6856 | D:8      | Reached ** piety under Hepliaklqana
  6856 | D:8      | Noticed Joseph
  6882 | D:8      | Killed Joseph
  6983 | D:8      | Found Qugual's Weapon Shop.
  7253 | D:9      | Learned a level 3 spell: Static Discharge
  7253 | D:9      | Upgraded the game from 0.25-a0-489-g9ae84a01e3 to
                  | 0.25-a0-496-g8c4878dea3
  7330 | D:9      | Noticed Erica
  7338 | D:9      | Reached skill level 8 in Long Blades
  7354 | D:9      | Killed Erica
  7439 | D:9      | Found a staircase to the Lair.
  7497 | D:9      | Noticed Gastronok
  7505 | D:9      | Gained mutation: You have razor-sharp toenails. [demonic
                  | ancestry]
  7505 | D:9      | Reached XP level 11. HP: 58/63 MP: 12/20
  7641 | D:9      | Noticed Erolcha
  7718 | D:9      | Found Ygupud's Jewellery Boutique.
  7730 | D:9      | Noticed Psyche
  7737 | D:9      | Killed Psyche
  7749 | D:9      | Killed Erolcha
  7792 | D:9      | Noticed Pikel
  7801 | D:9      | Killed Pikel
  7801 | D:9      | Reached skill level 9 in Long Blades
  7897 | D:9      | Killed Gastronok
  8179 | Lair:1   | Entered Level 1 of the Lair of Beasts
  8333 | Lair:1   | Reached skill level 10 in Long Blades
  8508 | D:8      | Learned a level 2 spell: Swiftness
  8510 | D:8      | Learned a level 1 spell: Shock
  8643 | D:10     | Entered Level 10 of the Dungeon
  8645 | D:10     | Noticed a two-headed ogre
  8654 | D:10     | Killed an unseen horror
  9045 | D:9      | Remembered your ancestor Ijiraq as a battlemage
  9051 | D:9      | Killed a two-headed ogre
  9051 | D:9      | Reached XP level 12. HP: 58/68 MP: 16/23
  9217 | D:10     | Reached *** piety under Hepliaklqana
  9253 | D:10     | Noticed a two-headed ogre
  9262 | D:10     | Killed a two-headed ogre
  9262 | D:10     | Reached skill level 1 in Air Magic
  9643 | D:10     | Reached skill level 11 in Long Blades
  9864 | D:10     | Gained mutation: You tend to lose your temper in combat.
                  | [potion of mutation]
  9864 | D:10     | Gained mutation: Your spells are a little easier to cast,
                  | but a little less powerful. [potion of mutation]
  9864 | D:10     | Gained mutation: You are somewhat resistant to further
                  | mutation. [potion of mutation]
  9865 | D:10     | Lost mutation: You tend to lose your temper in combat.
                  | [potion of mutation]
  9865 | D:10     | Lost mutation: Your spells are a little easier to cast, but
                  | a little less powerful. [potion of mutation]
  9865 | D:10     | Lost mutation: You are somewhat resistant to further
                  | mutation. [potion of mutation]
  9865 | D:10     | Gained mutation: You expend magic power (3 MP) to
                  | strengthen your wands. [potion of mutation]
  9865 | D:10     | Gained mutation: Your mind is acute. (Int +2) [potion of
                  | mutation]
  9865 | D:10     | Gained mutation: You are somewhat resistant to further
                  | mutation. [potion of mutation]
 10087 | Lair:1   | Noticed a four-headed hydra
 10093 | Lair:1   | Killed a two-headed hydra
 10158 | Lair:1   | Reached skill level 5 in Dodging
 10167 | Lair:1   | Got a steaming war axe
 10168 | Lair:1   | Identified the +12 war axe of the Bear {antimagic, rElec
                  | rF+ rC++} (You found it on level 1 of the Lair of Beasts)
 10758 | Lair:2   | Reached **** piety under Hepliaklqana
 10916 | Lair:2   | Found a hole to the Spider Nest.
 10962 | Lair:2   | Got a scorched chain mail
 10963 | Lair:2   | Identified the +8 chain mail "Uvoguvi" {rElec Str-4 Int+7}
                  | (You found it on level 2 of the Lair of Beasts)
 11024 | Lair:2   | Found a staircase to the Swamp.
 11758 | Lair:3   | Reached ***** piety under Hepliaklqana
 11785 | Lair:3   | Reached skill level 12 in Long Blades
 12123 | Lair:3   | Noticed a six-headed hydra
 12146 | Lair:3   | Killed a one-headed hydra
 12316 | Lair:3   | Gained mutation: You have claws for feet. [demonic
                  | ancestry]
 12316 | Lair:3   | Reached XP level 13. HP: 72/72 MP: 25/25
 13274 | Lair:4   | Found a glowing golden altar of the Shining One.
 14073 | Lair:5   | Noticed Snorg
 14087 | Lair:5   | Killed Snorg
 14195 | Lair:5   | Reached ****** piety under Hepliaklqana
 14254 | Lair:5   | Reached skill level 13 in Long Blades
 14287 | Lair:5   | Reached skill level 10 in Armour
 14668 | Lair:6   | Entered Level 6 of the Lair of Beasts
 14879 | Lair:5   | HP: 2/72 [eight-headed hydra (6)]
 14879 | Lair:5   | Mangled by an eight-headed hydra

Levels and vault maps discovered:
D:1:      erik_arrival_gehennom, layout_basic, minmay_misc_feat_x, minivault_19
D:2:      layout_rooms, lemuel_crystal_altar, overflow_temple_1_default,
          serial_corexii_hall, chequers_hall_statues_wall_a,
          corexii_hall_statues_u, uniq_jessica, uniq_sigmund
D:3:      layout_loops_ring, overflow_temple_1_default
D:4:      layout_basic, first_ration, elyvilon_altar_3, uniq_eustachio
D:5:      layout_loops_ring, nicolae_ru_path_of_blood, old_standard_altar,
          gammafunk_temple_overflow_elements, portal_sewer_entry_d
D:6:      layout_rooms, lemuel_coloured_pillars_altar, lemuel_crystal_altar,
          minmay_temple_entry_junction_2, serial_shops, shop, shop, shop,
          kennysheep_mini, minmay_quadrilaterals
D:7:      layout_gridville, minmay_misc_feat_pillars
D:8:      layout_rooms, nemelex_xobeh_ov_fountains_minmay, serial_shops,
          kennysheep_little_box, hangedman_ranch [blue_anna_fruit_fields],
          onia_ninara_dug_in_and_dangerous, uniq_joseph
D:9:      layout_roguey, minmay_lair_entry_grove, serial_shops, shop,
          uniq_erica, uniq_erolcha, uniq_pikel, uniq_gastronok, uniq_psyche
D:10:     cheibrodos_ideogram_h, layout_cross, nooodl_food_tri
Temple:   minmay_temple_bridge_abc
Lair:1:   layout_hall_layers, hangedman_lair_generics_rect
Lair:2:   dpeg_oklob_gauntlet, layout_gridlike, swamp_mist,
          spider_nest_entry_webs
Lair:3:   lemuel_ratsnest, layout_layer_cave, grunt_forest_large_clearings,
          grunt_megastairs_2
Lair:4:   layout_hall_layers, basic_altar
Lair:5:   layout_regular_city, minmay_lair_oklob_chamber,
          infiniplex_staircase_pool_2, uniq_snorg
Lair:6:   minmay_lair_end_frog_pond, layout_hall_layers, slime_altar_2,
          grunt_forest_stairs_basic

Skill      XL: |  1  2  3  4  5  6  7  8  9 10 11 12 13 |
---------------+----------------------------------------+-----
Dodging        | 2 3 4 5 6 |  6.1
Armour         | 1 2 3 5 6 7 8 10 | 10.7
Short Blades   | 1 2 3 |  3.1
Poison Magic   | 4 5 6 7 9 |  9.1
Fighting       | 1 |  1.0
Spellcasting   | 3 4 5 6 7 8 |  8.0
Long Blades    | 4 7 8 10 12 13 | 13.5
Conjurations   | 1 2 3 4 |  4.2
Air Magic      | 3 |  3.6
Stealth        | |  1.7
Transmutations | |  0.8

Action                   |  1- 3 |  4- 6 |  7- 9 | 10-12 | 13-15 || total
-------------------------+-------+-------+-------+-------+-------++-------
Melee: Dagger            |    47 |    83 |    44 |       |       ||   174
       Scimitar          |       |       |   163 |   323 |   167 ||   653
       Kick              |       |       |    34 |    85 |    59 ||   178
       Falchion          |       |       |       |     2 |       ||     2
 Cast: Sting             |     9 |    26 |     5 |    10 |       ||    50
       Poisonous Vapours |     4 |    23 |    19 |    27 |       ||    73
       Mephitic Cloud    |       |       |     5 |    22 |    14 ||    41
       Olgreb's Toxic Ra |       |       |     4 |    36 |    14 ||    54
       Shock             |       |       |       |    28 |    11 ||    39
Invok: Ancestor Identity |       |       |     1 |       |       ||     1
       Recall Ancestor   |       |       |       |     1 |       ||     1
       Ancestor Life: Ba |       |       |       |     1 |       ||     1
  Use: Scroll            |       |     2 |     2 |    23 |     3 ||    30
       Potion            |       |       |     1 |     4 |     1 ||     6
 Stab: Sleeping          |     2 |     2 |     1 |       |       ||     5
       Confused          |       |       |     1 |    11 |     7 ||    19
       Distracted        |       |       |     1 |     6 |     5 ||    12
  Eat: Ration            |       |     3 |     3 |     7 |     4 ||    17
       Chunk             |       |     2 |     2 |     2 |       ||     6
Armor: Robe              |     1 |       |       |       |       ||     1
       Ring mail         |     3 |    43 |    87 |       |       ||   133
       Troll leather arm |       |       |    19 |    81 |       ||   100
       Steam dragon scal |       |       |       |     9 |       ||     9
       Scale mail        |       |       |       |    78 |   149 ||   227
Dodge: Dodged            |    29 |    49 |   110 |   212 |   108 ||   508
       Rpst.: Scimitar   |       |       |    26 |    55 |    20 ||   101

Table legend:
 A = Non-vault XP
 B = Vault XP
 C = Vault XP percentage of total XP
 D = Non-vault monster count
 E = Vault monster count
 F = Vault count percentage of total count
                 A         B        C        D         E       F
            +---------+---------+-------+---------+---------+-------
      Total |   34424 |   27009 |  44.0 |     295 |     154 |  34.3
            +---------+---------+-------+---------+---------+-------
        D:1 |      41 |      19 |  31.7 |      24 |       5 |  17.2
        D:2 |      96 |      37 |  27.8 |      15 |       1 |   6.2
        D:3 |     172 |       0 |   0.0 |      32 |       0 |   0.0
        D:4 |     202 |     203 |  50.1 |      14 |       1 |   6.7
        D:5 |     972 |      13 |   1.3 |      26 |       1 |   3.7
        D:6 |     758 |     154 |  16.9 |      14 |       3 |  17.6
        D:7 |    1039 |       0 |   0.0 |      18 |       0 |   0.0
        D:8 |    1516 |    2796 |  64.8 |      24 |      10 |  29.4
        D:9 |    2826 |    7189 |  71.8 |      17 |      18 |  51.4
       D:10 |    1694 |    3610 |  68.1 |       8 |      25 |  75.8
     Lair:1 |    5437 |    2077 |  27.6 |      24 |       8 |  25.0
     Lair:2 |    1153 |     220 |  16.0 |       9 |       1 |  10.0
     Lair:3 |    2340 |    4629 |  66.4 |      10 |      62 |  86.1
     Lair:4 |    3929 |       0 |   0.0 |      12 |       0 |   0.0
     Lair:5 |   10932 |    3269 |  23.0 |      38 |       6 |  13.6
     Lair:6 |    1317 |    2793 |  68.0 |      10 |      13 |  56.5
            +---------+---------+-------+---------+---------+-------
